AoeStats
← kj slap u b

Arena

511037645Analyzed
1v1 RM · 9h ago on Oct 3, 2026· 24m 1s· 2 players
Game mode
Random Map
Map size
Tiny (2 player)
Population
200
Speed
Normal
Resources
Standard
Victory
Conquest
Starting age
Dark Age
Ending age
Imperial Age
RankedLock teamsTeams togetherTeam positionsShared explorationLock speedFull tech treeHidden civsTurbo modeCheats
Victory
Defeat
🇨🇦 Persians · Canada
1030
+17
🇺🇸 Spanish · United States
1048
-49
ShowMeUarLoVe
10:58 Feudal Age
12:28 Wheelbarrow
15:06 Castle Age
13:12 Stone Mining
13:13 Double-Bit Axe
14:47 Horse Collar
16:34 Bow Saw
20:05 Forging
19:17 Man-at-Arms
20:21 Arson
kj slap u b
11:44 Feudal Age
14:35 Horse Collar
16:16 Double-Bit Axe
16:24 Gold Mining
Connection lost

Rejoining the realm…

Still unreachable

The connection could not be restored.

Session expired

The server has moved on; the page needs a fresh start.